 Dungeon Crawl Stone Soup version 0.30.0-30-g96aa6591b8 (webtiles) character file.

Game seed: 1526928424558928534

20 McKennaii the Conjurer (level 2, 0/20 HPs)
             Began as a Demigod Conjurer on June 29, 2023.
             Slain by a goblin
             ... wielding a +0 dagger
             ... led by Robin
              (1 damage)
             ... on level 1 of the Dungeon.
             The game lasted 00:00:35 (734 turns).

McKennaii the Conjurer (Demigod Conjurer)            Turns: 734, Time: 00:00:35

Health: 0/20       AC:  3    Str:  8    XL:     2   Next: 42%
Magic:  0/7        EV: 12    Int: 20    God:
Gold:   97         SH:  0    Dex: 12    Spells: 2/5 levels left

rFire   . . .        (no weapon)
rCold   . . .        (no shield)
rNeg    . . .        a - +0 robe
rPois   .            (no helmet)
rElec   .            (no cloak)
rCorr   .            l - +0 pair of gloves
SInv    .            (no boots)
Will    .....        (no amulet)
Stlth   ++           (no ring)
HPRegen 0.23/turn    (no ring)
MPRegen 0.10/turn

%: no passive effects
@: lethally poisoned (0 -> -1)
A: high MP 1, forlorn, divine attributes
a: no special abilities


You were on level 1 of the Dungeon.
You visited 1 branch of the dungeon, and saw 2 of its levels.

You collected 97 gold pieces.

Inventory:

Armour
 a - a +0 robe (worn)
 l - a +0 pair of gloves (worn)
Scrolls
 d - a scroll of acquirement {unknown}
 e - a scroll of blinking {unknown}
 f - a scroll of identify {unknown}
 g - 2 scrolls of poison {unknown}
 h - a scroll of teleportation {unknown}
 i - a scroll of noise {unknown}
 j - a scroll of summoning {unknown}
 k - a scroll of fear {unknown}
Potions
 b - a potion of magic


   Skills:
 - Level 1.7 Dodging
 - Level 1.7 Stealth
 + Level 2.3 Spellcasting
 + Level 4.0 Conjurations


You had 2 spell levels left.
You knew the following spells:

 Your Spells              Type           Power      Damage    Failure   Level
a - Magic Dart            Conj           72%        1d6       3%          1
b - Searing Ray           Conj           36%        2d5       4%          2

Your spell library contained the following spells:

 Spells                   Type           Power      Damage    Failure   Level
 Dazzling Flash           Conj/Hex       20%        N/A       21%         3
 Inner Flame              Hex/Fire       2%         N/A       43%         3
 Fulminant Prism          Conj/Hex       5%         3d7       54%         4
 Iskenderun's Mystic Bla  Conj/Tloc      10%        2d4       54%         4
 Yara's Violent Unravell  Hex/Tmut       1%         3d3       99%         5
 Enfeeble                 Hex            1%         N/A       100%        7


Dungeon Overview and Level Annotations

Branches:
Dungeon (2/15)

Annotations:
D:2 Robin


Innate Abilities, Weirdness & Mutations

You have an increased reservoir of magic. (+10% MP)
You shall have no god before yourself.
Your divine heritage dramatically boosts your attributes as you level up.


Message History

Confirm with . or Enter, or press ? or * to list all spells.
Aiming: Searing Ray (safe; 4% risk of failure)
Press: ? - help, Shift-Dir - straight line, f/p - goblin
Aim: a goblin, wielding a +0 dagger (moderately wounded, strong, 72% to hit)
The searing ray hits the goblin!
You kill the goblin!
The searing ray misses the rat. (Press . to maintain the ray.)
The goblin hits you with a +0 dagger.
Unknown command.
The searing ray hits the rat!
You kill the rat!
The goblin hits you with a +0 dagger.
Unknown command.
The searing ray misses the adder.
A bat comes into view.
The goblin closely misses you.
The bat moves out of view.
Unknown command.
Without enough magic to sustain it, your searing ray dissipates.
The goblin hits you with a +0 dagger.
Unknown command.
The adder bites you.
You are poisoned.
The adder poisons you! The goblin hits you with a +0 dagger.
* * * LOW HITPOINT WARNING * * *
You climb upwards.
* * * LOW HITPOINT WARNING * * *
You feel sick.
There is a stone staircase leading down here.
It was a potion of cancellation.
You feel magically purged.
You feel sick. The adder bites you.
* * * LOW HITPOINT WARNING * * *
The goblin barely misses you. The adder bites you but does no damage.
* * * LOW HITPOINT WARNING * * *
You feel sick. The goblin closely misses you.
* * * LOW HITPOINT WARNING * * *
You feel sick.
The goblin no longer looks unusually strong.
The goblin hits you with a +0 dagger.
You die...

########## #........#
#........# #........#
########........#
#.............รท.#
#@..............#
#Sg.............##
#>................
#........#....####
#........#....####
#######..#...#####......
#..........#............
#........#######........
#........### #.#).....


You could see an adder and a goblin.

Vanquished Creatures
  A dart slug (D:1)
  4 ball pythons
  An endoplasm (D:1)
  A giant cockroach (D:1)
  2 goblins (D:2)
  4 hobgoblins
  2 rats
15 creatures vanquished.

Notes
Turn   | Place    | Note
-------+----------+-------------------------------------------
     0 | D:1      | McKennaii the Demigod Conjurer began the quest for the Orb.
     0 | D:1      | Reached XP level 1. HP: 14/14 MP: 5/5
   446 | D:1      | Reached XP level 2. HP: 17/20 MP: 0/7
   449 | D:1      | Learned a level 2 spell: Searing Ray
   717 | D:2      | Noticed Robin
   720 | D:2      | Reached skill level 4 in Conjurations
   734 | D:1      | HP: 1/20 [poisoned by an adder]
   734 | D:1      | Slain by a goblin

Illustrated notes

Levels and vault maps discovered:
D:1:      sevenhm_arrival_forest_fort_small_6, layout_basic
D:2:      layout_rooms, serial_park_tiny_pond, amcnicky_mini_pool_small,
          due_unseen_surprise, uniq_robin

Skill      XL: |  1  2 |
---------------+-------+-----
Spellcasting   | 2 |  2.3
Conjurations   | 4 |  4.0
Dodging        | |  1.7
Stealth        | |  1.7

Action                     || total
---------------------------++-------
  Melee: Unarmed           ||     2
   Cast: Magic Dart        ||    31
         Searing Ray       ||     1
    Use: Potion            ||     1
 Armour: Robe              ||     2
  Dodge: Dodged            ||     7
